 Dungeon Crawl Stone Soup version 0.28-a0-909-g796cbd3a86 (webtiles) character file.

Game seed: 8071482966110900298

1907 enile the Ducker (level 9, -6/62 HPs)
             Began as an Octopode Cinder Acolyte on Nov 24, 2021.
             Was a High Priest of Ignis.
             Mangled by a two-headed ogre (12 damage)
             ... on level 7 of the Dungeon.
             The game lasted 00:13:26 (8072 turns).

enile the Ducker (Octopode Cinder Acolyte)          Turns: 8072, Time: 00:13:27

Health: -6/62      AC:  1    Str: 21    XL:     9   Next: 16%
Magic:  14/16      EV: 14    Int: 18    God:    Ignis [*****.]
Gold:   324        SH:  0    Dex:  7    Spells: 16/18 levels left

rFire   + . .      SeeInvis .   l - +2 spear (freeze)
rCold   . . .      Faith    .   (no shield)
rNeg    . . .      Spirit   .   (helmet restricted)
rPois   .          Reflect  .   f - amulet of the acrobat
rElec   .          Harm     .   d - +6 ring of strength
rCorr   .          Rampage  .   (no ring)
Will    .....                   (no ring)
Stlth   ++++......              (no ring)
HPRegen 0.20/turn               (no ring)
MPRegen 0.15/turn               (no ring)
                                (no ring)
                                (no ring)

@: brilliant
A: almost no armour, amphibious, 8 rings, camouflage 1, gelatinous body 1,
(nimble swimmer 1), tentacles
a: Renounce Religion, Sea of Fire, Foxfire Swarm, Rising Flame


You were on level 7 of the Dungeon.
You worshipped Ignis.
Ignis was extremely pleased with you.
You visited 1 branch of the dungeon, and saw 7 of its levels.

You collected 324 gold pieces.

Inventory:

Hand Weapons
 a - a -1 mace of flaming
 g - a +1 vorpal flail
 l - a +2 spear of freezing (weapon)
Jewellery
 d - a +6 ring of strength (left tentacle)
 f - an amulet of the acrobat (around mantle)
Wands
 q - a wand of flame (18)
 r - a wand of mindburst (10)
Scrolls
 b - a scroll of enchant weapon
 c - a scroll of brand weapon
 e - 2 scrolls of noise {unknown}
 k - a scroll of enchant armour {unknown}
 n - 2 scrolls of identify
 o - 3 scrolls of teleportation {unknown}
 p - a scroll of vulnerability {unknown}
 u - a scroll of magic mapping {unknown}
Potions
 h - a potion of mutation
 i - 2 potions of degeneration {unknown}
 m - a potion of flight {unknown}
 s - a potion of haste {unknown}
 t - a potion of brilliance


   Skills:
 - Level 6.0 Fighting
 - Level 3.0 Maces & Flails
 - Level 4.0 Polearms
 - Level 6.0 Dodging
 + Level 5.4 Stealth
 - Level 5.0 Spellcasting
 - Level 4.0 Fire Magic


You had 16 spell levels left.
You knew the following spells:

 Your Spells              Type           Power      Damage    Failure   Level
a - Scorch                Fire           56%        2d7       3%          2

Your spell library contained the following spells:

 Spells                   Type           Power      Damage    Failure   Level
 Sandblast                Erth           12%        2d6       13%         1
 Passwall                 Tmut/Erth      5%         N/A       21%         2
 Stone Arrow              Conj/Erth      12%        3d7       36%         3


Dungeon Overview and Level Annotations

Branches:
Dungeon (7/15)             Temple (0/1) D:4

Altars:
Elyvilon
Uskayaw
Wu Jian
Yredelemnul

Annotations:
D:3 3 runed translucent doors, croobank's ghost, amateur OpTm
D:4 2 runed translucent doors, exclusion: oklob sapling


Innate Abilities, Weirdness & Mutations

You cannot wear most types of armour.
You are amphibious.
You can wear up to eight rings at the same time.
Your skin changes colour to match your surroundings (Stealth+).
Your rubbery body absorbs attacks. (AC +1, EV +1)
((You are camouflaged near water. (Stealth+)))
You have tentacles for arms and can constrict up to eight enemies at once.


Message History

Confirm with . or Enter, or press ? or * to list all spells.
You feel a surge of power!
Flames lash the two-headed ogre.
The two-headed ogre is burned terribly!
The two-headed ogre is moderately wounded.
The two-headed ogre hits you with a +0 giant club.
The two-headed ogre hits you with a +0 giant spiked club!!
The two-headed ogre completely misses you.
The two-headed ogre hits you with a +0 giant spiked club!
It was a potion of curing.
You feel better.
The two-headed ogre is no longer more vulnerable to fire.
Aiming: Mindburst
Press: ? - help, Shift-Dir - straight line, f - two-headed ogre
Aim: a two-headed ogre, wielding a +0 giant club and a +0 giant spiked club (moderately wounded, chance to affect: 48%)
The two-headed ogre resists with some effort.
The two-headed ogre completely misses you.
The two-headed ogre misses you.
Aiming: Mindburst
Press: ? - help, Shift-Dir - straight line, f/p - two-headed ogre
Aim: a two-headed ogre, wielding a +0 giant club and a +0 giant spiked club (moderately wounded, chance to affect: 48%)
The two-headed ogre's minds are blasted!
The two-headed ogre hits you with a +0 giant club!!
* * * LOW HITPOINT WARNING * * *
The two-headed ogre misses you.
Aiming: Mindburst
Press: ? - help, Shift-Dir - straight line, f/p - two-headed ogre
Aim: a two-headed ogre, wielding a +0 giant club and a +0 giant spiked club (severely wounded, chance to affect: 48%)
The two-headed ogre resists with some effort.
The two-headed ogre barely misses you. The two-headed ogre closely misses you.
Casting: Scorch (safe; 3% risk of failure)
Confirm with . or Enter, or press ? or * to list all spells.
Okay, then.
Casting: Scorch (safe; 3% risk of failure)
Confirm with . or Enter, or press ? or * to list all spells.
Okay, then.
Aiming: Mindburst
Press: ? - help, Shift-Dir - straight line, f/p - two-headed ogre
Aim: a two-headed ogre, wielding a +0 giant club and a +0 giant spiked club (severely wounded, chance to affect: 48%)
The two-headed ogre's minds are blasted!
The two-headed ogre hits you with a +0 giant club!
You die...

#+######### ####+
##...##....######....
#...@...........#....
#...O...........#....
+.......[.......#....
#...............#....
##...##.........'....
#...###'########....
.....#...............
.......#...............
.......#...............


You could see a two-headed ogre.

Vanquished Creatures
  Prince Ribbit (D:6)
  3 water moccasins
  A black bear (D:5)
  A necrophage (D:3)
  4 ogres
  4 scorpions
  A howler monkey (D:6)
  A centaur zombie (D:6)
  2 orc priests (D:4)
  4 bullfrog skeletons
  A centaur skeleton (D:7)
  An iguana (D:6)
  A killer bee zombie (D:6)
  A hound skeleton (D:4)
  Robin (D:3)
  11 gnolls
  7 adders
  A white imp (D:6)
  An ufetubus (D:4)
  2 worms
  2 dart slugs (D:2)
  20 orcs
  5 ball pythons
  5 bats
  5 endoplasms
  A giant cockroach (D:2)
  8 goblins
  9 hobgoblins
  6 jackals (D:2)
  3 quokkas
  2 frilled lizards
  5 kobolds
  7 rats
127 creatures vanquished.

Vanquished Creatures (others)
  5 plants (D:4)
5 creatures vanquished.

Grand Total: 132 creatures vanquished

Notes
Turn   | Place    | Note
-------+----------+-------------------------------------------
     0 | D:1      | enile the Octopode Cinder Acolyte began the quest for the
                  | Orb.
     0 | D:1      | Reached XP level 1. HP: 16/16 MP: 2/2
   183 | D:1      | Reached XP level 2. HP: 21/21 MP: 4/4
   248 | D:1      | Learned a level 2 spell: Scorch
   910 | D:2      | Found a faded altar of an unknown god.
   917 | D:2      | Reached XP level 3. HP: 26/26 MP: 1/6
  1632 | D:2      | Reached XP level 4. HP: 30/33 MP: 2/7
  1761 | D:2      | Noticed a scorpion
  1766 | D:2      | Killed a scorpion
  1767 | D:2      | Reached XP level 5. HP: 36/37 MP: 7/9
  2057 | D:3      | Noticed a necrophage
  2073 | D:3      | Killed a necrophage
  2365 | D:3      | Reached XP level 6. HP: 43/43 MP: 5/10
  2445 | D:3      | Noticed a water moccasin
  2448 | D:3      | Reached skill level 1 in Stealth
  2453 | D:3      | HP: 3/64 [water moccasin (3)]
  2465 | D:3      | Killed a water moccasin
  3255 | D:3      | Found a runed translucent gate.
  3255 | D:3      | Found a runed translucent gate.
  3257 | D:3      | Found a runed translucent gate.
  3258 | D:3      | Noticed croobank's ghost (amateur OpTm)
  3648 | D:3      | Found an ornate altar of the Wu Jian Council.
  3906 | D:3      | Reached XP level 7. HP: 48/48 MP: 11/11
  3972 | D:3      | Noticed Robin
  3977 | D:3      | Killed Robin
  4500 | D:4      | Identified a scroll of acquirement
  4502 | D:4      | Acquired a +6 ring of strength
  4508 | D:4      | Found a large runed translucent door.
  4508 | D:4      | Found a large runed translucent door.
  4626 | D:4      | Found a staircase to the Ecumenical Temple.
  5072 | D:4      | Found a white marble altar of Elyvilon.
  5430 | D:4      | Found a basalt altar of Yredelemnul.
  5492 | D:4      | Reached skill level 5 in Fighting
  5587 | D:5      | Entered Level 5 of the Dungeon
  5609 | D:5      | Found a hide-covered altar of Uskayaw.
  6040 | D:5      | Reached XP level 8. HP: 55/55 MP: 11/14
  6125 | D:5      | Reached skill level 5 in Spellcasting
  6451 | D:5      | You fall into a shaft and drop 2 floors!
  6460 | D:7      | Reached skill level 5 in Stealth
  6977 | D:6      | Reached skill level 5 in Dodging
  7135 | D:6      | Noticed Prince Ribbit
  7160 | D:6      | Killed Prince Ribbit
  7513 | D:6      | Reached XP level 9. HP: 61/61 MP: 16/16
  8034 | D:7      | Noticed a two-headed ogre
  8072 | D:7      | Mangled by a two-headed ogre

Illustrated notes

Levels and vault maps discovered:
D:1:      dpeg_arrival_shelter, layout_rooms, serial_corexii_hall,
          corexii_hall_statues_l, corexii_hall_statues_l
D:2:      layout_basic, shapermc_ecumenical_altar_notcrosses, dk_vineyard_3,
          corexii_shack
D:3:      layout_basic, nicolae_wu_jian_glorious_leap,
          ebering_ghost_rock_garden, uniq_robin
D:4:      layout_loops_ring, kennysheep_ying_yang, jmf_multi_god_temple2,
          minmay_temple_entry_oklob, grunt_decor_cap
D:5:      layout_loops_cross, nicolae_overflow_crystal_walls
D:6:      layout_rooms, uniq_prince_ribbit1
D:7:      minmay_clustersquares, layout_gridville, minmay_puff, uniq_menkaure

Skill      XL: |  1  2  3  4  5  6  7  8  9 |
---------------+----------------------------+-----
Spellcasting   | 2 3 4 5 |  5.0
Fighting       | 4 5 6 |  6.0
Fire Magic     | 4 |  4.0
Dodging        | 2 4 6 |  6.0
Stealth        | 3 5 |  5.4
Polearms       | 2 4 |  4.0
Maces & Flails | |  3.0

Action                   |  1- 3 |  4- 6 |  7- 9 || total
-------------------------+-------+-------+-------++-------
Melee: Mace              |    35 |    50 |       ||    85
       Constrict         |     8 |     7 |    20 ||    35
       Tentacles         |     3 |     6 |    22 ||    31
       Flail             |       |     7 |     4 ||    11
       Spear             |       |       |   113 ||   113
 Cast: Scorch            |    25 |    38 |    44 ||   107
Evoke: Wand              |       |       |     4 ||     4
  Use: Potion            |       |     2 |     2 ||     4
       Scroll            |       |       |     5 ||     5
 Stab: Sleeping          |     1 |     2 |     6 ||     9
Armor: Skin              |     7 |    35 |     4 ||    46
Dodge: Dodged            |    35 |    50 |    95 ||   180

Table legend: (Time is in decaauts)
 A = Elapsed time spent in this place.
 B = Non-inter-level travel time spent in this place.
 C = Inter-level travel time spent in this place.
 D = Time resting spent in this place.
 E = Time spent auto-exploring this place.
 F = Levels seen in this place.
 G = Mean time per level.
                   A        B        C        D        E       F      G
               +--------+--------+--------+--------+--------+-----+--------+
         Total |   8092 |   7951 |    141 |     46 |   6921 |   7 | 1156.0 |
       Dungeon |   8092 |   7951 |    141 |     46 |   6921 |   7 | 1156.0 |
               +--------+--------+--------+--------+--------+-----+--------+

Top non-repeatable levels by time:
     D:3: 2491 daAuts
     D:4: 1128 daAuts
     D:5: 1106 daAuts
     D:2: 1078 daAuts
     D:1: 910 daAuts
     D:6: 886 daAuts
     D:7: 489 daAuts
